 Dungeon Crawl Stone Soup version 0.29-a0-653-gd47aff6735 (webtiles) character file.

Game seed: 16138401956479896330

849 omnomnOMINOUS the Shield-Bearer (level 8, -1/54 HPs)
             Began as an Octopode Wanderer on June 21, 2022.
             Was a Believer of Okawaru.
             Slain by an orc warrior
             ... wielding a +0 halberd
              (13 damage)
             ... on level 6 of the Dungeon.
             The game lasted 00:10:49 (5307 turns).

omnomnOMINOUS the Shield-Bearer (Octopode Wanderer) Turns: 5307, Time: 00:10:49

Health: -1/54      AC:  4    Str: 16    XL:     8   Next: 1%
Magic:  13/13      EV: 14    Int: 15    God:    Okawaru [**....]
Gold:   268        SH:  5    Dex: 14    Spells: 14/14 levels left

rFire   . . .      SeeInvis .   a - +1 short sword (venom)
rCold   . . .      Faith    .   e - +0 buckler {AC+3}
rNeg    + + .      Spirit   .   c - +0 hat
rPois   .          Reflect  .   (no amulet)
rElec   .          Harm     .   f - ring of resist corrosion
rCorr   +          Rampage  .   v - ring of positive energy
Will    .....                   t - +6 ring of strength
Stlth   ++........              E - ring of positive energy
HPRegen 0.18/turn               (no ring)
MPRegen 0.13/turn               (no ring)
                                (no ring)
                                (no ring)

@: no status effects
A: almost no armour, amphibious, 8 rings, camouflage 1, gelatinous body 1,
(nimble swimmer 1), tentacles
a: Renounce Religion, Heroism


You were on level 6 of the Dungeon.
You worshipped Okawaru.
Okawaru was pleased with you.
You visited 1 branch of the dungeon, and saw 6 of its levels.

You collected 268 gold pieces.

Inventory:

Hand Weapons
 a - a +1 short sword of venom (weapon)
 b - a +2 vampiric short sword
 d - a +1 dagger of speed
 m - a +0 rapier
 B - a +0 spear
Armour
 c - a +0 hat (worn)
 e - a +0 buckler of protection (worn)
Jewellery
 f - a ring of resist corrosion (left tentacle)
 t - a +6 ring of strength (on tentacle)
 v - a ring of positive energy (right tentacle)
 E - a ring of positive energy (on tentacle)
Scrolls
 g - 2 scrolls of teleportation
 h - 2 scrolls of identify {unknown}
 i - a scroll of magic mapping {unknown}
 j - 2 scrolls of vulnerability {unknown}
 l - a scroll of enchant armour {unknown}
 p - 2 scrolls of amnesia {unknown}
 q - 3 scrolls of immolation {unknown}
 s - a scroll of blinking {unknown}
 u - a scroll of fear {unknown}
 w - a scroll of summoning {unknown}
 y - 2 scrolls of enchant weapon {unknown}
 D - 2 scrolls of noise {unknown}
Potions
 k - 3 potions of degeneration {unknown}
 n - 2 potions of heal wounds {unknown}
 o - a potion of berserk rage {unknown}
 r - a potion of brilliance {unknown}
 x - a potion of attraction
 z - 3 potions of flight {unknown}
 A - a potion of magic {unknown}
 C - 2 potions of might {unknown}
 F - a potion of haste {unknown}


   Skills:
 + Level 4.3 Fighting
 - Level 1.0 Throwing
 + Level 5.0 Dodging
 - Level 5.0 Shields
 + Level 3.7 Spellcasting
 + Level 3.2 Invocations


You had 14 spell levels left.
You didn't know any spells.
Your spell library contained the following spells:

 Spells                   Type           Power      Damage    Failure   Level
 Beastly Appendage        Tmut           4%         N/A       24%         1
 Necrotize                Necr           8%         1d4       24%         1
 Slow                     Hex            8%         N/A       24%         1
 Wereblood                Tmut           2%         N/A       34%         2
 Confusing Touch          Hex            2%         N/A       56%         3
 Spider Form              Tmut/Pois      2%         N/A       56%         3
 Vampiric Draining        Necr           2%         2d6       56%         3
 Agony                    Necr           2%         N/A       100%        5
 Alistair's Intoxication  Tmut/Pois      1%         N/A       100%        5
 Borgnjor's Vile Clutch   Necr/Erth      1%         N/A       100%        5
 Eringya's Noxious Bog    Tmut/Pois      1%         N/A       100%        6


Dungeon Overview and Level Annotations

Branches:
Dungeon (6/15)             Temple (0/1) D:5

Altars:
Okawaru
Trog
Uskayaw
Vehumet


Innate Abilities, Weirdness & Mutations

You cannot wear most types of armour.
You are amphibious.
You can wear up to eight rings at the same time.
Your skin changes colour to match your surroundings (Stealth+).
Your rubbery body absorbs attacks. (AC +1, EV +1)
((You are camouflaged when in or above water. (Stealth+)))
You have tentacles for arms and can constrict up to eight enemies at once.


Message History

The orc wizard is severely wounded.
You constrict the orc wizard.
The orc wizard hits you with a +0 dagger.
You hit the orc wizard.
You kill the orc wizard!
Okawaru accepts your kill.
You have reached level 8!
Things that are here:
a +0 dagger; a +0 robe; an orc corpse You start resting.
HP restored.
There is a stone staircase leading down here.
You climb downwards.
The orc closely misses you. The orc warrior barely misses you.
There is a stone staircase leading up here.
You block the orc warrior's attack. The orc hits you with a +0 hand axe.
You climb upwards.
There is a stone staircase leading down here.
Unknown command.
You hit the orc.
The orc is poisoned.
You grab the orc.
The orc is heavily wounded.
You constrict the orc.
You kill the orc!
Okawaru accepts your kill.
You see here a +0 hand axe.
You see here a +0 hand axe.
You start resting.
HP restored.
There is a stone staircase leading down here.
You climb downwards.
The orc warrior hits you from afar with a +0 halberd!
There is a stone staircase leading up here.
The orc warrior hits you with a +0 halberd!
You closely miss the orc warrior. Your grab misses the orc warrior.
The orc warrior hits you with a +0 halberd!
* * * LOW HITPOINT WARNING * * *
You closely miss the orc warrior. You grab the orc warrior.
You squeeze the orc warrior, but do no damage.
You constrict the orc warrior, but do no damage.
The orc warrior hits you with a +0 halberd!
You die...

### #.. #.# ######.#
##?..##.#
##.....#.##
#......@o.# #
.$###.....<.#$......
.....>......?.######
...##.<...#.##
##...##... #####
###. #


You could see an orc warrior.

Vanquished Creatures
  A black bear (D:4)
  An ogre (D:5)
  2 scorpions
  A necrophage (D:5)
  4 jellies
  2 hounds (D:5)
  An orc priest (D:3)
  Crazy Yiuf (D:3)
  2 iguanas (D:5)
  3 orc wizards
  3 adders
  A white imp (D:5)
  3 dart slugs (D:2)
  17 orcs
  7 endoplasms
  2 giant cockroaches
  5 goblins
  A hobgoblin (D:3)
  8 jackals (D:1)
  5 quokkas
  3 ball pythons
  4 bats
  A frilled lizard (D:1)
  4 kobolds
  2 rats
84 creatures vanquished.

Vanquished Creatures (others)
  12 plants (D:5)
12 creatures vanquished.

Grand Total: 96 creatures vanquished

Notes
Turn   | Place    | Note
-------+----------+-------------------------------------------
     0 | D:1      | omnomnOMINOUS the Octopode Wanderer began the quest for the
                  | Orb.
     0 | D:1      | omnomnOMINOUS set off with the following items: a +0
                  | dagger, a scroll of teleportation, a +0 hat, a potion of
                  | lignification, a +0 buckler of protection.
     0 | D:1      | Reached XP level 1. HP: 14/14 MP: 2/2
   276 | D:1      | Reached XP level 2. HP: 19/19 MP: 3/3
  1085 | D:2      | Reached XP level 3. HP: 25/25 MP: 5/5
  1828 | D:3      | Found a bloodstained altar of Trog.
  2139 | D:3      | Reached XP level 4. HP: 22/30 MP: 6/6
  2151 | D:3      | HP: 1/45 [orc priest/divine providence (15)]
  2189 | D:3      | Found a runed translucent door.
  2190 | D:3      | Noticed Crazy Yiuf
  2199 | D:3      | Killed Crazy Yiuf
  2200 | D:3      | Reached XP level 5. HP: 18/36 MP: 8/8
  2471 | D:3      | Found a faded altar of an unknown god.
  2473 | D:3      | Prayed at the altar of an unknown god.
  2473 | D:3      | Became a worshipper of Warmaster Okawaru
  2473 | D:3      | Reached * piety under Okawaru
  2712 | D:4      | Noticed an orc warrior
  2812 | D:4      | Found a radiant altar of Vehumet.
  3077 | D:4      | Reached skill level 1 in Invocations
  3077 | D:4      | Reached XP level 6. HP: 35/42 MP: 9/9
  3742 | D:4      | Noticed a black bear
  3747 | D:4      | Killed a black bear
  4008 | D:5      | Entered Level 5 of the Dungeon
  4013 | D:5      | Reached ** piety under Okawaru
  4087 | D:5      | Reached XP level 7. HP: 38/47 MP: 11/11
  4785 | D:5      | Found a hide-covered altar of Uskayaw.
  4785 | D:5      | Noticed a +0 spear
  4785 | D:5      | Noticed a +0 falchion
  4785 | D:5      | Noticed a +0 short sword
  4786 | D:5      | Noticed a +0 dagger
  4786 | D:5      | Noticed a +0 spear
  4787 | D:5      | Noticed a +0 falchion
  4787 | D:5      | Noticed a +0 dagger
  4794 | D:5      | Noticed a +0 short sword
  4884 | D:5      | Found a staircase to the Ecumenical Temple.
  5123 | D:6      | Reached skill level 5 in Dodging
  5123 | D:6      | Reached skill level 5 in Shields
  5257 | D:5      | Reached XP level 8. HP: 47/54 MP: 13/13
  5307 | D:6      | Slain by an orc warrior

Illustrated notes

Levels and vault maps discovered:
D:1:      dpeg_arrival_signposts, layout_basic
D:2:      layout_basic
D:3:      layout_rooms, mainiacjoe_overflow_catwalk,
          chequers_ecumenical_altar_twisty, kennysheep_generic_room_11,
          uniq_crazy_yiuf_cottage
D:4:      layout_loops_ring, lemuel_coloured_pillars_altar
D:5:      layout_basic, nicolae_uskayaw_en_pointe,
          minmay_temple_entry_gardened_gates, grunt_ministairs_12,
          serial_bayou_lagoon_a
D:6:      layout_loops_ring, nicolae_wu_jian_immortal_techniques

Skill      XL: |  1  2  3  4  5  6  7 |
---------------+----------------------+-----
Spellcasting   | 2 3 |  3.7
Fighting       | 3 4 |  4.3
Dodging        | 4 5 |  5.0
Shields        | 4 5 |  5.0
Invocations    | 1 2 3 |  3.2
Throwing       | |  1.0

Action                   |  1- 3 |  4- 6 |  7- 9 || total
-------------------------+-------+-------+-------++-------
Melee: Short sword       |    51 |    48 |    47 ||   146
       Tentacles         |    23 |    24 |    12 ||    59
       Constrict         |    22 |    17 |    12 ||    51
       Dagger            |     2 |       |       ||     2
       Spear             |    63 |    29 |       ||    92
       Punch             |     3 |     1 |     1 ||     5
Throw: Boomerang         |       |     2 |       ||     2
  Use: Potion            |       |     3 |       ||     3
 Stab: Sleeping          |     8 |     7 |     3 ||    18
Armor: Skin              |    26 |    17 |     3 ||    46
Dodge: Dodged            |    59 |    24 |    18 ||   101
Block: Buckler           |    22 |     8 |    11 ||    41

Table legend: (Time is in decaauts)
 A = Elapsed time spent in this place.
 B = Non-inter-level travel time spent in this place.
 C = Inter-level travel time spent in this place.
 D = Time resting spent in this place.
 E = Time spent auto-exploring this place.
 F = Levels seen in this place.
 G = Mean time per level.
                   A        B        C        D        E       F      G
               +--------+--------+--------+--------+--------+-----+--------+
         Total |   5341 |   5137 |    204 |    872 |   3336 |   6 |  890.2 |
       Dungeon |   5341 |   5137 |    204 |    872 |   3336 |   6 |  890.2 |
               +--------+--------+--------+--------+--------+-----+--------+

Top non-repeatable levels by time:
     D:5: 1285 daAuts
     D:4: 1160 daAuts
     D:1: 1086 daAuts
     D:3: 1036 daAuts
     D:2: 749 daAuts
     D:6: 22 daAuts
